 Dungeon Crawl Stone Soup version 0.28.0-45-g0d030f2227 (webtiles) character file.

Game seed: 11627465826518685236

61 pkoi the Ruffian (level 3, 0/30 HPs)
             Began as a Demigod Gladiator on Apr 8, 2022.
             Slain by a gnoll
             ... wielding a +0 whip
              (2 damage)
             ... on level 3 of the Dungeon.
             The game lasted 00:01:59 (1681 turns).

pkoi the Ruffian (Demigod Gladiator)                Turns: 1681, Time: 00:01:59

Health: 0/30       AC:  4    Str: 19    XL:     3   Next: 58%
Magic:  5/5        EV: 12    Int: 10    God:
Gold:   104        SH:  0    Dex: 15    Spells: 2/2 levels left

rFire   . . .      SeeInvis .   h - +2 short sword (vamp)
rCold   . . .      Faith    .   (no shield)
rNeg    . . .      Spirit   .   a - +0 leather armour
rPois   .          Reflect  .   b - +0 helmet
rElec   .          Harm     .   (no cloak)
rCorr   .          Rampage  .   (no gloves)
Will    .....                   (no boots)
Stlth   +.........              (no amulet)
HPRegen 0.10/turn               (no ring)
MPRegen 0.09/turn               (no ring)

@: no status effects
A: high MP 1, forlorn, divine attributes
a: no special abilities


You were on level 3 of the Dungeon.
You visited 1 branch of the dungeon, and saw 3 of its levels.

You collected 104 gold pieces.

Inventory:

Hand Weapons
 h - a +2 vampiric short sword (weapon)
Missiles
 c - 3 throwing nets (quivered)
 m - 2 javelins
Armour
 a - a +0 leather armour (worn)
 b - a +0 helmet (worn)
Scrolls
 e - 2 scrolls of teleportation {unknown}
 f - a scroll of immolation {unknown}
 g - a scroll of enchant armour {unknown}
 i - a scroll of fog {unknown}
 j - a scroll of torment {unknown}
 k - a scroll of identify {unknown}
 o - a scroll of summoning {unknown}
Potions
 d - 3 potions of curing {unknown}
 l - a potion of lignification {unknown}
 n - a potion of heal wounds {unknown}


   Skills:
 + Level 2.4 Fighting
 - Level 1.7 Throwing
 + Level 3.1 Dodging
 + Level 3.6 Unarmed Combat


You had 2 spell levels left.
You didn't know any spells.
Your spell library contained the following spells:

 Spells                   Type           Power      Damage    Failure   Level
 Ozocubu's Armour         Ice            0%         N/A       80%         3
 Ozocubu's Refrigeration  Ice            0%         4d5       100%        7


Dungeon Overview and Level Annotations

Branches:
Dungeon (3/15)


Innate Abilities, Weirdness & Mutations

You have an increased reservoir of magic. (+10% MP)
You shall have no god before yourself.
Your divine heritage dramatically boosts your attributes as you level up.


Message History

You kill the gnoll!
The gnoll hits you with a +0 flail.
* * * LOW HITPOINT WARNING * * *
You barely miss the gnoll. The gnoll misses you.
You hit the gnoll.
You feel better.
Your punch misses the gnoll.
The gnoll is lightly wounded.
The gnoll hits you with a +0 whip!
* * * LOW HITPOINT WARNING * * *
You hit the gnoll.
The gnoll is severely wounded.
You hit the gnoll.
You feel better.
The gnoll is almost dead.
The gnoll hits you with a +0 flail.
* * * LOW HITPOINT WARNING * * *
You hit the gnoll.
You feel better.
You kill the gnoll!
You closely miss the gnoll.
The gnoll is lightly wounded.
The gnoll barely misses you.
You hit the gnoll but do no damage.
The gnoll is lightly wounded.
The gnoll misses you.
You hit the gnoll.
The gnoll is heavily wounded.
The gnoll hits you with a +0 whip!
* * * LOW HITPOINT WARNING * * *
You hit the gnoll but do no damage.
The gnoll is heavily wounded.
The gnoll hits you but does no damage.
You barely miss the gnoll.
The gnoll is heavily wounded.
The gnoll closely misses you.
You closely miss the gnoll.
The gnoll is heavily wounded.
The gnoll hits you with a +0 whip.
* * * LOW HITPOINT WARNING * * *
You closely miss the gnoll.
The gnoll is heavily wounded.
The gnoll hits you with a +0 whip.
You die...

# ########## ########
g........# ##).....# ..#g####.#
##.#g###.# #.#.# #.###.###@##^#
#.#.####.##.## ##.#.#
#....g.g.gg## ##..#
###.........## ##.#.#
######.###.###.##.#############
#.# ##.#.###.#...........# #.#
#..## #.#.#########.# #.# #.##
#.#.# #.# ..# #.# #.#.### #.#


You could see a gnoll.

Vanquished Creatures
  2 gnolls (D:3)
  3 dart slugs
  4 ball pythons
  2 endoplasms
  3 giant cockroaches
  A goblin (D:1)
  3 hobgoblins
  A quokka (D:2)
  4 bats
  4 frilled lizards (D:1)
  3 kobolds
  7 rats
37 creatures vanquished.

Notes
Turn   | Place    | Note
-------+----------+-------------------------------------------
     0 | D:1      | pkoi the Demigod Gladiator began the quest for the Orb.
     0 | D:1      | Reached XP level 1. HP: 17/17 MP: 3/3
   263 | D:1      | Reached XP level 2. HP: 24/24 MP: 4/4
  1046 | D:2      | Reached XP level 3. HP: 25/29 MP: 5/5
  1680 | D:3      | HP: 1/30 [gnoll/+0 whip (1)]
  1681 | D:3      | Slain by a gnoll

Illustrated notes

Levels and vault maps discovered:
D:1:      minmay_arrival_open_corners, layout_basic,
          shapermc_ecumenical_altar_starsandcircs, minmay_misc_feat_doors
D:2:      layout_basic
D:3:      layout_loops_ring, marbit_many_paths, uniq_robin, uniq_sigmund

Skill      XL: |  1  2 |
---------------+-------+-----
Unarmed Combat | 3 |  3.6
Fighting       | 2 |  2.4
Dodging        | 3 |  3.1
Throwing       | |  1.7

Action                   || total
-------------------------++-------
Melee: Short sword       ||   116
       Unarmed           ||     6
 Stab: Sleeping          ||     1
Armor: Leather armour    ||    36
Dodge: Dodged            ||    83
